 Dungeon Crawl Stone Soup version 0.24-a0-284-g9fb9971 (webtiles) character file.

Game seed: 14992218262674490230

9359 nikopol the Thaumaturge (level 11, -2/57 HPs)
             Began as a Deep Elf Fire Elementalist on May 6, 2019.
             Was a Believer of Vehumet.
             Slain by a black mamba (16 damage)
             ... on level 1 of the Lair of Beasts.
             The game lasted 00:29:20 (10621 turns).

nikopol the Thaumaturge (DEFE)                     Turns: 10621, Time: 00:29:20

Health: -2/57      AC:  4    Str:  5    XL:     11   Next: 22%
Magic:  25/30      EV: 15    Int: 24    God:    Vehumet [**....]
Gold:   154        SH:  0    Dex: 15    Spells: 21/36 levels left

rFire    x . .     SeeInvis .   w - +1 dagger (venom)
rCold    + . .     Gourm    +   (no shield)
rNeg     . . .     Faith    .   a - +0 robe
rPois    .         Spirit   .   E - +2 hat
rElec    .         Reflect  .   (no cloak)
rCorr    .         Harm     .   (no gloves)
MR       +....                  (no boots)
Stlth    +++.......             B - amulet of the gourmand
HPRegen  0.19/turn              p - ring of ice
MPRegen  0.22/turn              (no ring)

@: lethally poisoned (-2 -> -16)
A: no striking features
a: Renounce Religion


You were on level 1 of the Lair of Beasts.
You worshipped Vehumet.
Vehumet was pleased with you.
You were completely stuffed.

You visited 3 branches of the dungeon, and saw 12 of its levels.

You collected 595 gold pieces.
You spent 441 gold pieces at shops.

Inventory:

Hand Weapons
 e - a +0 dagger
 w - a +1 dagger of venom (weapon)
Armour
 a - a +0 robe (worn)
 E - a +2 hat (worn)
Jewellery
 p - a ring of ice (left hand)
 B - an amulet of the gourmand (around neck)
Wands
 o - a wand of digging (5)
 v - a wand of paralysis (7)
 z - a wand of random effects (4)
 H - a wand of disintegration (16)
 I - a wand of flame (13)
Scrolls
 d - 4 scrolls of remove curse
 j - a scroll of random uselessness {unknown}
 k - 6 scrolls of teleportation {unknown}
 l - a scroll of amnesia {unknown}
 m - 2 scrolls of noise {unknown}
 r - 5 scrolls of identify
 s - a scroll of immolation {unknown}
 t - a scroll of torment {unknown}
 u - 2 scrolls of fear {unknown}
 x - a scroll of magic mapping
 y - 2 scrolls of enchant armour
 A - 2 scrolls of fog {unknown}
 C - 3 scrolls of blinking {unknown}
 G - a scroll of enchant weapon {unknown}
Potions
 b - 2 potions of curing
 f - 3 potions of resistance
 g - a potion of mutation
 h - a potion of magic
 i - 5 potions of heal wounds
 n - 7 potions of brilliance
 q - a potion of ambrosia
 D - 2 potions of flight
 F - 2 potions of haste
Comestibles
 c - 15 rations


   Skills:
 + Level 1.6 Fighting
 + Level 4.8 Dodging
 + Level 4.7 Stealth
 + Level 13.4 Spellcasting
 + Level 10.1 Conjurations
 + Level 10.8 Fire Magic


You had 21 spell levels left.
You knew the following spells:

 Your Spells              Type           Power        Failure   Level  Hunger
a - Flame Tongue          Conj/Fire      #####        1%          1    None
b - Throw Flame           Conj/Fire      ######       1%          2    None
c - Conjure Flame         Conj/Fire      ######..     1%          3    None
d - Sticky Flame          Conj/Fire      ######..     1%          4    None
e - Fireball              Conj/Fire      ######....   1%          5    ###....

Your spell library contained the following spells:

 Spells                   Type           Power        Failure   Level  Hunger
 Ignite Poison            Fire/Tmut/Pois ####....     2%          3    None
 Inner Flame              Hex/Fire       #####...     1%          3    None


Dungeon Overview and Level Annotations

Branches:
Dungeon (9/15)             Temple (1/1) D:6            Lair (2/6) D:9
  Swamp: Lair:2-4    Shoals: Lair:2-4     Snake: Lair:2-4    Spider: Lair:2-4
    Orc: D:9-12

Altars:
Ashenzari
Cheibriados
Dithmenos
Elyvilon
Fedhas
Gozag
Hepliaklqana
Kikubaaqudgha
Makhleb
Nemelex Xobeh
Okawaru
Qazlal
Ru
Sif Muna
Trog
Uskayaw
Vehumet
Wu Jian
Xom
Yredelemnul
Zin
The Shining One

Shops:
D:6 ((?[[   D:9 !

Annotations:
D:5 1 runed translucent door, Gorice's ghost, novice GnWn


Message History

The black mamba bites you!
You are poisoned.
The black mamba poisons you! The porcupine bites you.
The black mamba bites you!
You climb upwards.
* * * LOW HITPOINT WARNING * * *
You feel very sick.
There is a stone staircase leading down here.
Casting: Fireball (safe; 1% risk of failure)
Confirm with . or Enter, or press ? or * to list all spells.
Aiming: Sticky Flame (safe; 1% risk of failure)
Press: ? - help, Shift-Dir - straight line, f - black mamba
Aim: a black mamba (moderately wounded)
The sticky flame hits the black mamba.
The black mamba is moderately wounded.
The black mamba is covered in liquid flames!
* * * LOW HITPOINT WARNING * * *
You feel sick.
The black mamba burns!
The black mamba barely misses you. The black mamba bites you!
You die...

#..### #.......# ######...
###'#########.......# ##P.......
..........#.#.......# #.........
#.........'.........# ##.P.......
+.........#.........# #..#.......
..........#.+.......###.##.......
#.........###.......P##.##.......
####.###### #.......+...##.......
##.# #..S@....####.#####<. ##..#
#####.+### ### ##.. #..## #....##
###... ##.# ##.#.#.# #...##
#P.###### #......## #.###
##..#P##.## #......P### ##'####
#.........####.........# #......
#.........##........##.## #......
'.........+.........##..###......


You could see a black mamba (burning).

Vanquished Creatures
  A death yak (D:9)
  Pikel (D:9)
  A black mamba (Lair:1)
  5 elephants (Lair:1)
  A spiny frog (Lair:1)
  2 trolls (D:9)
  Prince Ribbit (D:5)
  Grinder (D:5)
  3 hippogriffs (Lair:1)
  3 yaks (D:9)
  2 water moccasins
  An orc warrior (D:7)
  A porcupine (Lair:1)
  5 ice beasts
  5 ogres
  3 phantoms
  4 black bears
  3 sky beasts
  A centaur (D:6)
  2 big kobolds
  7 bullfrogs
  2 scorpions
  3 howler monkeys (D:9)
  8 hounds
  3 orc priests
  3 bullfrog skeletons (D:9)
  3 centaur skeletons
  7 orc wizards
  2 iguanas
  5 worker ants
  Ijyb (D:5)
  A hound zombie (D:5)
  4 gnolls (D:5)
  9 adders
  A river rat (D:9)
  4 shadow imps
  An ooze (D:1)
  2 adder zombies
  An adder skeleton (D:8)
  3 worms
  3 dart slugs
  4 leopard geckos
  29 orcs
  3 giant cockroaches
  9 goblins
  4 hobgoblins
  2 quokkas
  5 ball pythons
  6 bats
  8 frilled lizards
  17 kobolds
  A quokka skeleton (D:4)
  6 rats
213 creatures vanquished.

Vanquished Creatures (others)
  A slave (D:9)
  An orc wizard (D:9)
  A kobold (D:9)
3 creatures vanquished.

Grand Total: 216 creatures vanquished

Notes
Turn   | Place    | Note
-------+----------+-------------------------------------------
     0 | D:1      | nikopol the Deep Elf Fire Elementalist began the quest for
                  | the Orb.
     0 | D:1      | Reached XP level 1. HP: 10/10 MP: 6/6
   114 | D:1      | Reached XP level 2. HP: 15/15 MP: 6/8
   567 | D:1      | Reached XP level 3. HP: 14/19 MP: 2/9
   979 | D:2      | Reached XP level 4. HP: 24/24 MP: 8/11
  1022 | D:2      | Reached skill level 4 in Spellcasting
  1417 | D:3      | Learned a level 2 spell: Throw Flame
  1421 | D:3      | Learned a level 3 spell: Conjure Flame
  1426 | D:3      | Learned a level 4 spell: Sticky Flame
  2102 | D:3      | Reached XP level 5. HP: 12/28 MP: 7/14
  2547 | D:4      | Noticed an ogre
  2555 | D:4      | Killed an ogre
  2555 | D:4      | Reached skill level 5 in Spellcasting
  2555 | D:4      | Reached skill level 5 in Fire Magic
  2609 | D:4      | Reached XP level 6. HP: 30/33 MP: 12/16
  2616 | D:4      | Learned a level 5 spell: Fireball
  2755 | D:4      | Noticed an ice beast
  2771 | D:4      | Killed an ice beast
  3461 | D:5      | Entered Level 5 of the Dungeon
  3461 | D:5      | Noticed Grinder
  3534 | D:5      | Found a runed translucent door.
  3559 | D:5      | Reached skill level 6 in Spellcasting
  3766 | D:5      | Noticed a sky beast
  3773 | D:5      | Killed a sky beast
  3773 | D:5      | Reached XP level 7. HP: 25/37 MP: 9/18
  3990 | D:5      | Noticed Gorice's ghost (novice GnWn)
  4103 | D:5      | Killed Grinder
  4103 | D:5      | Reached skill level 1 in Fighting
  4205 | D:5      | Reached skill level 7 in Spellcasting
  4329 | D:5      | Noticed Prince Ribbit
  4338 | D:5      | Killed Prince Ribbit
  4338 | D:5      | Reached skill level 5 in Conjurations
  4338 | D:5      | Reached XP level 8. HP: 20/43 MP: 7/21
  4702 | D:5      | Noticed Ijyb
  4707 | D:5      | Killed Ijyb
  4954 | D:6      | Found Jipsuqet's Magic Scroll Boutique.
  4976 | D:6      | Bought a scroll of magic mapping for 52 gold pieces
  4976 | D:6      | Bought a scroll of enchant armour for 112 gold pieces
  4976 | D:6      | Bought a scroll of identify for 30 gold pieces
  5001 | D:6      | Reached skill level 8 in Spellcasting
  5286 | D:6      | Found a staircase to the Ecumenical Temple.
  5323 | Temple   | Entered the Ecumenical Temple
  5424 | Temple   | Became a worshipper of Vehumet
  5565 | D:6      | Found Menozem's Antique Weapon Shop.
  5669 | D:6      | Found a stormy altar of Qazlal.
  5763 | D:6      | Found Haghoymp's Armour Boutique.
  5781 | D:6      | Found Sampiduc's Armour Boutique.
  5838 | D:6      | Found Rall's Weapon Shop.
  5854 | D:6      | Found a blossoming altar of Fedhas.
  6152 | D:7      | Reached skill level 9 in Spellcasting
  6238 | D:7      | Reached XP level 9. HP: 46/47 MP: 15/24
  6401 | D:7      | Reached * piety under Vehumet
  6401 | D:7      | Offered knowledge of Sting by Vehumet.
  7347 | D:8      | Reached skill level 10 in Spellcasting
  7738 | D:8      | Offered knowledge of Searing Ray by Vehumet.
  7748 | D:8      | Reached ** piety under Vehumet
  8081 | D:9      | Reached skill level 11 in Spellcasting
  8279 | D:9      | Noticed a troll
  8281 | D:9      | Noticed a death yak
  8285 | D:9      | Killed a troll
  8285 | D:9      | Reached XP level 10. HP: 36/52 MP: 19/27
  8292 | D:9      | Noticed a death yak
  8293 | D:9      | Noticed a death yak
  8294 | D:9      | Killed a death yak
  8587 | D:9      | Found a staircase to the Lair.
  8707 | D:9      | Found Pavvaczam's Distillery.
  8753 | D:9      | Bought a potion of haste for 130 gold pieces
  8753 | D:9      | Bought a potion of heal wounds for 65 gold pieces
  8753 | D:9      | Bought a potion of brilliance for 52 gold pieces
  8889 | D:9      | Reached skill level 12 in Spellcasting
  8894 | D:9      | Noticed Pikel
  8907 | D:9      | Killed Pikel
  8907 | D:9      | Offered knowledge of Ignite Poison by Vehumet.
  9228 | D:9      | Reached skill level 10 in Fire Magic
  9437 | Lair:1   | Entered Level 1 of the Lair of Beasts
  9670 | Lair:1   | Noticed a spiny frog
  9678 | Lair:1   | Killed a spiny frog
  9920 | Lair:1   | Noticed an elephant
  9920 | Lair:1   | Noticed an elephant
  9920 | Lair:1   | Noticed an elephant
  9920 | Lair:1   | Noticed an elephant
  9923 | Lair:1   | Killed an elephant
  9923 | Lair:1   | Noticed an elephant
  9924 | Lair:1   | Killed an elephant
  9924 | Lair:1   | Reached skill level 13 in Spellcasting
  9924 | Lair:1   | Reached XP level 11. HP: 56/56 MP: 16/30
  9943 | Lair:1   | Reached skill level 10 in Conjurations
 10621 | Lair:1   | Slain by a black mamba

Levels and vault maps discovered:
D:1:      dpeg_arrival_more_subterranean_lakeside_camping, layout_basic
D:2:      layout_loops_ring
D:3:      layout_loops_ring
D:4:      layout_basic, first_ration
D:5:      layout_loops_ring, hellmonk_ghost_happy_afterlife, uniq_ijyb,
          uniq_prince_ribbit1, uniq_grinder
D:6:      layout_basic, grunt_qazlal_sundering, minmay_temple_entry_arrows,
          serial_shops, nicolae_shop_trees, nicolae_shop_waterfront,
          kennysheep_mini_moat, nicolae_shop_statue_plus, kennysheep_little_box,
          fedhas_bush_and_centaur_altar
D:7:      layout_basic
D:8:      layout_rooms
D:9:      layout_roguey, dpeg_lair_monsters, serial_shops, nicolae_shop_trees,
          uniq_pikel
Temple:   kilobyte_greek_temple
Lair:1:   layout_roguey
Lair:2:   layout_small_grid, elwin_shoals_entry_rocks, serial_bayou_shore_a

Skill      XL: |  1  2  3  4  5  6  7  8  9 10 11 |
---------------+----------------------------------+-----
Fire Magic     | 4 5 6 7 9 10 | 10.8
Spellcasting   | 4 5 6 7 9 11 13 | 13.4
Conjurations   | 2 3 5 6 8 9 10 | 10.1
Dodging        | 3 4 |  4.8
Stealth        | 3 4 |  4.7
Fighting       | 1 |  1.6

Action                   |  1- 3 |  4- 6 |  7- 9 | 10-12 || total
-------------------------+-------+-------+-------+-------++-------
Melee: Dagger            |     2 |       |     2 |     1 ||     5
 Cast: Flame Tongue      |    62 |    90 |   206 |   102 ||   460
       Sticky Flame      |       |     3 |    31 |    23 ||    57
       Conjure Flame     |       |     1 |     2 |     4 ||     7
       Throw Flame       |       |       |     2 |     4 ||     6
       Fireball          |       |       |     7 |     5 ||    12
Evoke: Wand              |       |       |     1 |       ||     1
  Use: Scroll            |       |       |     9 |     2 ||    11
  Eat: Chunk             |       |     6 |    23 |     8 ||    37
       Ration            |       |     1 |     1 |       ||     2
Armor: Robe              |     8 |     3 |    14 |     2 ||    27
Dodge: Dodged            |    15 |    24 |    58 |    21 ||   118

Table legend:
 A = Non-vault XP
 B = Vault XP
 C = Vault XP percentage of total XP
 D = Non-vault monster count
 E = Vault monster count
 F = Vault count percentage of total count
                 A         B        C        D         E       F
            +---------+---------+-------+---------+---------+-------
      Total |   11135 |    2235 |  16.7 |     204 |       9 |   4.2
            +---------+---------+-------+---------+---------+-------
        D:1 |      49 |       0 |   0.0 |      27 |       0 |   0.0
        D:2 |      60 |       0 |   0.0 |      18 |       0 |   0.0
        D:3 |     129 |       0 |   0.0 |      21 |       0 |   0.0
        D:4 |     391 |       0 |   0.0 |       7 |       0 |   0.0
        D:5 |     668 |     581 |  46.5 |      22 |       3 |  12.0
        D:6 |     378 |     110 |  22.5 |      10 |       1 |   9.1
        D:7 |    1265 |       0 |   0.0 |      30 |       0 |   0.0
        D:8 |     852 |       0 |   0.0 |      25 |       0 |   0.0
        D:9 |    2820 |    1544 |  35.4 |      30 |       5 |  14.3
     Lair:1 |    4523 |       0 |   0.0 |      14 |       0 |   0.0
            +---------+---------+-------+---------+---------+-------
